 Seeded DCSS version 0.30-a0-965-g42e074c17a (webtiles) character file.

Game seed: 13137397067068997422 (custom seed)

7156 mistaj the Cleaver (level 11, -1/58 HPs)
             Began as a Vine Stalker Fighter on Mar 30, 2023.
             Was an Initiate of Gozag.
             Slain by a vault guard
             ... wielding a +0 broad axe
              (11 damage)
             ... in a bailey.
             The game lasted 00:11:41 (7287 turns).

mistaj the Cleaver (Vine Stalker Fighter)           Turns: 7287, Time: 00:11:42

Health: -1/58      AC: 10    Str: 23    XL:     11   Next: 10%
Magic:  0/22       EV: 15    Int: 14    God:    Gozag
Gold:   1573       SH: 11    Dex: 17    Spells: 23/23 levels left

rFire   + . .      SeeInvis +    e - +5 broad axe "Impslayer" {vamp, Dex+3 SInv}
rCold   + + .      Faith    .    c - +0 buckler
rNeg    + . .      Spirit   +    z - +1 ring mail {rC+}
rPois   .          Reflect  +    (no helmet)
rElec   +          Rampage  .    I - +0 cloak
rCorr   .                        j - +0 pair of gloves of Iwep {rElec rC+ Will+ Int+6}
Will    ++...                    y - +0 pair of boots
Stlth   +                        m - amulet of reflection
HPRegen 1.09/turn                i - ring of Greed {+Blink rElec rF+ EV+5}
MPRegen 0.18/turn                x - ring of positive energy

@: no status effects
A: fangs 3, regeneration 1, magic shield, antimagic bite, no potion heal 2
a: Renounce Religion, Evoke Blink, Potion Petition, Call Merchant, Bribe Branch


You were in a bailey.
You worshipped Gozag.
Gozag was most pleased with you.
You visited 1 branch of the dungeon, and saw 9 of its levels.
You also visited: Sewer and Bailey.

You collected 1635 gold pieces.
You paid 62 gold pieces to Gozag.

Inventory:

Hand Weapons
 e - the +5 broad axe "Impslayer" (weapon) {vamp, Dex+3 SInv}
   (You acquired it on level 1 of the Dungeon)

   Dex:       It affects your dexterity (+3).
   SInv:      It lets you see invisible.
Missiles
 F - a throwing net (quivered)
Armour
 c - a +0 buckler (worn)
 j - the +0 pair of gloves of Iwep (worn) {rElec rC+ Will+ Int+6}
   (You acquired it on level 3 of the Dungeon)

   Int:       It affects your intelligence (+6).
   rC:        It protects you from cold.
   rElec:     It insulates you from electricity.
   Will:      It increases your willpower.
 s - a +1 ring mail of fire resistance
 y - a +0 pair of boots (worn)
 z - a +1 ring mail of cold resistance (worn)
 I - a +0 cloak (worn)
Jewellery
 i - the ring of Greed (left hand) {+Blink rElec rF+ EV+5}
   (You acquired it on level 4 of the Dungeon)

   [ring of evasion]

   EV:        It affects your evasion (+5).
   rF:        It protects you from fire.
   rElec:     It insulates you from electricity.
   +Blink:    It lets you blink.
 m - an amulet of reflection (around neck)
 x - a ring of positive energy (right hand)
 H - a ring of protection from cold
Wands
 p - a wand of paralysis (4)
 B - a wand of digging (5)
 E - a wand of roots (7)
Scrolls
 a - 7 scrolls of identify
 b - a scroll of torment {unknown}
 k - 2 scrolls of magic mapping {unknown}
 l - a scroll of poison {unknown}
 n - a scroll of silence {unknown}
 r - 4 scrolls of enchant armour {unknown}
 t - 2 scrolls of fog {unknown}
 u - 3 scrolls of vulnerability {unknown}
 v - 2 scrolls of teleportation {unknown}
 A - a scroll of butterflies {unknown}
 C - a scroll of amnesia {unknown}
 D - a scroll of enchant weapon {unknown}
Potions
 d - 5 potions of might
 f - a potion of cancellation
 g - 4 potions of curing
 h - 4 potions of mutation
 o - 2 potions of brilliance
 q - 2 potions of haste
 w - a potion of berserk rage
 G - 2 potions of degeneration {unknown}


   Skills:
 + Level 7.5 Fighting
 * Level 10.1 Axes
 + Level 3.1 Armour
 - Level 7.2 Shields
 + Level 6.9 Spellcasting


You had 23 spell levels left.
You didn't know any spells.
Your spell library contained the following spells:

 Spells                   Type           Power      Damage    Failure   Level
 Freeze                   Ice            16%        1d4       28%         1
 Cigotuvi's Dreadful Rot  Necr/Pois/Air  8%         N/A       41%         2
 Frozen Ramparts          Ice            8%         1d2       65%         3
 Hailstorm                Conj/Ice       4%         3d4       65%         3
 Dispel Undead            Necr           4%         3d7       96%         4
 Yara's Violent Unravell  Hex/Tmut       2%         3d3       100%        5
 Death Channel            Necr           2%         N/A       100%        6
 Enfeeble                 Hex            2%         N/A       100%        7
 Chain Lightning          Conj/Air       2%         3d2       100%        9
 Fire Storm               Conj/Fire      2%         8d1       100%        9
 Shatter                  Erth           2%         3d6*      100%        9


Dungeon Overview and Level Annotations

Branches:
Dungeon (9/15)             Temple (0/1) D:5           Sewer (visited)
 Bailey (1/1)
   Lair: D:8-11         Orc: D:9-12

Altars:
Ashenzari
Cheibriados
Dithmenos
Gozag
Kikubaaqudgha
Makhleb
Vehumet
Wu Jian
Xom
Yredelemnul
Zin
The Shining One

Shops:
D:5 *   D:8 *


Innate Abilities, Weirdness & Mutations

You have razor-sharp teeth.
Your natural rate of healing is unusually fast.
When hurt, damage is shared between your health and your magic reserves.
Your bite disrupts and absorbs the magic of your enemies.
Potions cannot restore your health.


Message History

You now have 1573 gold pieces (gained 13).
You start waiting.
Done waiting.
There is an open door, spattered with blood here.
Things that are here:
a +0 war axe; a +0 ring mail You enter the shallow water.
Moving in this stuff is going to be slow.
You open the door.
A vault guard comes into view. It is wielding a +0 broad axe.
The vault guard shouts!
Found a potion of mutation and a scroll labelled TUNYLI QOTRY.
There is an open door here.
You completely miss the vault guard.
You bite the vault guard, but do no damage.
The vault guard hits you with a +0 broad axe!
You hit the vault guard but do no damage.
You bite the vault guard, but do no damage.
The vault guard hits you with a +0 broad axe!!
You closely miss the vault guard. You bite the vault guard!
You drain its power.
You feel invigorated.
The vault guard is lightly wounded.
The vault guard hits you with a +0 broad axe!
You slash the vault guard!
You feel better.
The vault guard is moderately wounded.
The vault guard hits you with a +0 broad axe!
You slash the vault guard!
You feel better.
Your bite misses the vault guard.
The vault guard is moderately wounded.
The vault guard hits you with a +0 broad axe!
You closely miss the vault guard.
The vault guard is moderately wounded.
The vault guard hits you with a +0 broad axe!
The vault guard hits you with a +0 broad axe!!
* * * LOW HITPOINT WARNING * * *
You slash the vault guard! You bite the vault guard. You drain its power.
You feel invigorated.
The vault guard is heavily wounded.
The vault guard hits you with a +0 broad axe!!
You die...
Your body crumbles into a pile of gold.

###### ###.'.~###
##~.≈#@.~~#
##~~.≈#~p..~#
#~~~.≈##~...#
##~..~≈###!?#########
##.~.~≈≈####≈≈#....##
$
#..~.~~≈≈≈≈~)#.....##
+......~~~~.)'..#...#
#..~........)#..#...#
#..~...~.~≈≈≈#..##..#


You could see a vault guard.

Vanquished Creatures
  Maurice (D:9)
  Sigmund (D:4)
  2 wyverns
  Eustachio (D:4)
  3 humans (Bailey)
  3 yaks (D:9)
  2 steam dragons (D:8)
  Duvessa (D:4)
  2 acid dragons (D:8)
  2 water moccasins
  3 ice beasts
  3 sky beasts
  3 black bears
  3 ogres
  2 phantoms (D:6)
  7 centaurs
  Blork the orc (D:4)
  20 bullfrogs
  A gnoll sergeant (D:8)
  2 scorpions
  9 wights
  Dowan (D:4)
  3 howler monkeys
  2 orc priests
  A hound (D:5)
  2 jellies
  A sleepcap (D:6)
  An iguana (D:5)
  Terence (D:3)
  5 orc wizards
  13 gnolls
  10 adders
  6 river rats (Sewer)
  A shadow imp (D:6)
  3 white imps
  3 worms
  4 dart slugs
  20 orcs
  5 endoplasms
  6 giant cockroaches
  11 goblins
  7 hobgoblins
  3 quokkas
  18 ball pythons
  6 bats
  4 frilled lizards
  9 kobolds
  31 rats
  A spectral orc (D:7)
250 creatures vanquished.

Vanquished Creatures (others)
  4 demonic plants (D:3)
  13 fungi
  15 plants
32 creatures vanquished.

Grand Total: 282 creatures vanquished

Notes
Turn   | Place    | Note
-------+----------+-------------------------------------------
     0 | D:1      | mistaj the Vine Stalker Fighter began the quest for the
                  | Orb.
     0 | D:1      | Reached XP level 1. HP: 11/11 MP: 2/2
    18 | D:1      | Identified a scroll of acquirement
    18 | D:1      | Acquired the +5 broad axe "Impslayer" {vamp, Dex+3 SInv}
    60 | D:1      | Reached skill level 2 in Axes
    69 | D:1      | Reached XP level 2. HP: 16/16 MP: 3/3
   472 | D:1      | Reached XP level 3. HP: 20/20 MP: 2/4
   587 | D:2      | Found Xexamnid's Weapon Shoppe.
   732 | D:2      | You fall into a shaft and drop 2 floors!
   756 | D:4      | Acquired the ring of Greed {+Blink rElec rF+ EV+5}
   760 | D:4      | Noticed a bullfrog
   774 | D:4      | Killed a bullfrog
   775 | D:4      | Reached skill level 3 in Axes
   775 | D:4      | Gained mutation: Your natural rate of healing is unusually
                  | fast. [Vine Stalker growth]
   775 | D:4      | Reached XP level 4. HP: 24/24 MP: 3/5
   992 | D:3      | Acquired the +0 pair of gloves of Iwep {rElec rC+ Will+
                  | Int+6}
  1023 | D:3      | Found a faded altar of an unknown god.
  1035 | D:3      | Found an ornate altar of the Wu Jian Council.
  1127 | D:3      | Reached XP level 5. HP: 28/28 MP: 6/6
  1547 | D:3      | Noticed Terence
  1551 | D:3      | Killed Terence
  1618 | D:3      | Found a broken altar of Ashenzari.
  2093 | D:4      | Reached skill level 4 in Axes
  2146 | D:4      | Noticed Eustachio
  2160 | D:4      | Killed Eustachio
  2161 | D:4      | Reached skill level 1 in Spellcasting
  2161 | D:4      | Reached XP level 6. HP: 33/33 MP: 6/8
  2448 | D:4      | Noticed a black bear
  2451 | D:4      | Killed a black bear
  2452 | D:4      | Reached XP level 7. HP: 37/37 MP: 8/10
  2611 | D:4      | Noticed Duvessa
  2611 | D:4      | Noticed Sigmund
  2612 | D:4      | Noticed Dowan
  2621 | D:4      | Killed Sigmund
  2622 | D:4      | Reached skill level 5 in Axes
  2629 | D:4      | Killed Duvessa
  2638 | D:4      | Killed Dowan
  2709 | D:4      | Found a glowing silver altar of Zin.
  2757 | D:4      | Found an opulent altar of Gozag.
  2838 | D:4      | Gained mutation: You have razor-sharp teeth. [Vine Stalker
                  | growth]
  2838 | D:4      | Reached XP level 8. HP: 29/42 MP: 6/13
  2910 | D:4      | Became a worshipper of Gozag Ym Sagoz the Greedy
  2965 | D:4      | Noticed Blork the orc
  2972 | D:4      | Killed Blork the orc
  2998 | D:4      | Found a snail-covered altar of Cheibriados.
  3274 | D:5      | Entered Level 5 of the Dungeon
  3313 | D:5      | Found a glowing drain.
  3339 | Sewer    | Entered a sewer
  3468 | Sewer    | Reached skill level 6 in Axes
  3634 | Sewer    | Reached skill level 5 in Shields
  3683 | Sewer    | Reached skill level 5 in Fighting
  3959 | D:5      | Found a staircase to the Ecumenical Temple.
  4069 | D:5      | Found Fattoqam's Elemental Accessories.
  4222 | D:5      | Reached XP level 9. HP: 47/47 MP: 14/16
  4331 | D:6      | Reached skill level 7 in Axes
  4901 | D:6      | Found a shadowy altar of Dithmenos.
  5020 | D:6      | Reached skill level 5 in Spellcasting
  5023 | D:6      | Reached skill level 8 in Axes
  5484 | D:7      | Reached XP level 10. HP: 53/53 MP: 17/19
  5505 | D:7      | Found an ancient bone altar of Kikubaaqudgha.
  5727 | D:7      | Found a glowing golden altar of the Shining One.
  5854 | D:7      | Found a basalt altar of Yredelemnul.
  6023 | D:8      | Found Liozef's General Store.
  6201 | D:8      | Reached skill level 9 in Axes
  6302 | D:8      | Identified the +0 plate armour "Bouxoar" {Rampage}
  6359 | D:8      | Found a radiant altar of Vehumet.
  6427 | D:8      | Found a shimmering altar of Xom.
  6911 | D:9      | Noticed Maurice
  6925 | D:9      | Killed Maurice
  6926 | D:9      | Found a burning altar of Makhleb.
  7019 | D:9      | Found a flagged portal.
  7063 | Bailey   | Entered a bailey
  7099 | Bailey   | Reached XP level 11. HP: 46/58 MP: 12/22
  7131 | Bailey   | Reached skill level 10 in Axes
  7278 | Bailey   | Noticed a vault guard
  7287 | Bailey   | Slain by a vault guard

Illustrated notes

Levels and vault maps discovered:
D:1:      dpeg_arrival_long_road, layout_basic
D:2:      layout_rooms, serial_shops, nicolae_shop_bloodbath_and_beyond
D:3:      layout_loops_corners, lemuel_round_altar,
          mainiacjoe_overflow_alcove_4, shapermc_ecumenical_altar_gd,
          minmay_misc_feat_roman, uniq_terence
D:4:      cheibrodos_old_hovel, layout_basic, kennysheep_mini,
          nicolae_gozag_cash_rules_everything_around_me, zin_statuary,
          uniq_eustachio, uniq_duvessa, uniq_blork_the_orc, uniq_sigmund
D:5:      layout_basic, minmay_temple_entry_antechambers, portal_sewer_entry_b,
          nicolae_elemental_shop
D:6:      layout_rooms, grunt_dithmenos_shadows, centaur_isle
D:7:      layout_rooms, yredelemnul_forgotten_temple_becter,
          mainiacjoe_overflow_boulevard, general_overflow_altar
D:8:      layout_layer_cave, lemuel_doored_altar, mainiacjoe_overflow_24_doors,
          serial_shops, shop
D:9:      layout_basic, overflow_temple_1_default, mainiacjoe_overflow_paths,
          grunt_lair_entry_orc_guard_hut, enter_bailey_5,
          hangedman_decor_points, minmay_quadrilaterals, uniq_maurice
Bailey:   bailey_axe_froggy_fort_hellmonk, bailey

Skill      XL: |  1  2  3  4  5  6  7  8  9 10 11 |
---------------+----------------------------------+-----
Axes           | 2 3 4 5 6 8 9 10 | 10.1
Shields        | 3 4 5 6 7 |  7.2
Fighting       | 3 4 5 6 7 |  7.5
Spellcasting   | 1 2 4 5 6 |  6.9
Armour         | 3 |  3.1

Action                     |  1- 3 |  4- 6 |  7- 9 | 10-12 || total
---------------------------+-------+-------+-------+-------++-------
  Melee: Broad axe         |    53 |    79 |   216 |   160 ||   508
         War axe           |     4 |       |       |       ||     4
         Bite              |     8 |    24 |    41 |    41 ||   114
    Use: Scroll            |     2 |     1 |     5 |     1 ||     9
   Stab: Distracted        |       |       |     1 |     1 ||     2
 Armour: Scale mail        |    26 |    15 |    20 |       ||    61
         Ring mail         |       |       |    27 |    28 ||    55
  Dodge: Dodged            |    31 |    56 |   190 |    81 ||   358
  Block: Buckler           |    17 |    26 |   162 |    90 ||   295
         Reflection        |       |       |    31 |     4 ||    35

Table legend: (Time is in decaauts)
 A = Elapsed time spent in this place.
 B = Non-inter-level travel time spent in this place.
 C = Inter-level travel time spent in this place.
 D = Time resting spent in this place.
 E = Time spent auto-exploring this place.
 F = Levels seen in this place.
 G = Mean time per level.
                   A        B        C        D        E       F      G
               +--------+--------+--------+--------+--------+-----+--------+
         Total |   7506 |   7329 |    177 |   1076 |   4403 |  11 |  682.4 |
       Dungeon |   6773 |   6596 |    177 |    969 |   4116 |   9 |  752.6 |
         Sewer |    498 |    498 |      0 |      0 |    285 |   1 |  498.0 |
        Bailey |    234 |    234 |      0 |    107 |      2 |   1 |  234.0 |
               +--------+--------+--------+--------+--------+-----+--------+

Top non-repeatable levels by time:
     D:4: 1588 daAuts
     D:6: 1169 daAuts
     D:3: 1029 daAuts
     D:8: 985 daAuts
     D:5: 620 daAuts
     D:1: 600 daAuts
   Sewer: 498 daAuts
     D:7: 461 daAuts
  Bailey: 234 daAuts
     D:9: 160 daAuts
     D:2: 157 daAuts
